AoeStats
← Captain Price

Arena

509885654Analyzed
1v1 RM · 3d ago on Sep 28, 2026· 37m 40s· 2 players
Game mode
Random Map
Map size
Tiny (2 player)
Population
200
Speed
Normal
Resources
Standard
Victory
Conquest
Starting age
Dark Age
Ending age
Imperial Age
RankedLock teamsTeams togetherTeam positionsShared explorationLock speedFull tech treeHidden civsTurbo modeCheats
Victory
Defeat
🇭🇰 Franks · Hong Kong SAR China
791
+16
🇵🇰 Franks · Pakistan
793
-16
Dingo
9:27 Feudal Age
7:53 Loom
13:08 Castle Age
11:13 Double-Bit Axe
12:48 Wheelbarrow
14:04 Bow Saw
25:49 Scale Mail Armor
29:57 Stone Mining
30:35 Hand Cart
30:05 Town Watch
34:40 Imperial Age
32:42 Forging
32:37 Scale Barding Armor
33:10 Gold Mining
34:01 Murder Holes
33:47 Treadmill Crane
34:27 Ballistics
34:18 Masonry
34:51 Gold Shaft Mining
35:01 Husbandry
34:21 Light Cavalry
35:53 Iron Casting
35:39 Chain Barding Armor
35:55 Cavalier
37:36 Blast Furnace
36:37 Chivalry
37:00 Conscription
Captain Price
7:55 Loom
12:47 Feudal Age
13:12 Loom
16:30 Castle Age
14:36 Double-Bit Axe
Connection lost

Rejoining the realm…

Still unreachable

The connection could not be restored.

Session expired

The server has moved on; the page needs a fresh start.